SA
MYRTLE BEACH SEAHAWKS @ NIAGARA FALLS EXPOS
08/10/2029
 
TOP OF THE 1ST
Myrtle Beach Seahawks batting - Pitching for Niagara Falls Expos : RHP Justin Broadfoot
Pitching: RHP Justin Broadfoot
Batting: LHB Dallas Ihde 0-0: Foul Ball, location: 2F
0-1: Ball
1-1: Swinging Strike
1-2: SINGLE (Line Drive, 8LS)
Batting: LHB Ijsbrand Erkelens 0-0: Swinging Strike
0-1: Ball
1-1: Ball
2-1: Ball
3-1: Base on Balls
Dallas Ihde to second
Batting: LHB Danny Trautmann 0-0: SINGLE (Line Drive, 6D)
Dallas Ihde to third
Ijsbrand Erkelens to second
Batting: RHB Aquiles Morda 0-0: Ball
1-0: Foul Ball, location: 2F
1-1: Ball
2-1: Ball
Wild Pitch!
Dallas Ihde scores
Ijsbrand Erkelens to third
Danny Trautmann to second
3-1: Foul Ball, location: 2F
3-2: Base on Balls
Batting: LHB Gabriel Amezquita 0-0: Swinging Strike
0-1: Swinging Strike
0-2: Ball
1-2: Strikes out swinging
Batting: RHB Luke Thornton 0-0: Ball
1-0: Called Strike
1-1: Grounds into double play, 5-4-3 (Groundball, 56)
Top of the 1st over - 1 run, 2 hits, 0 errors, 2 left on base; Myrtle Beach 1 - Niagara Falls 0
BOTTOM OF THE 1ST
Niagara Falls Expos batting - Pitching for Myrtle Beach Seahawks : RHP Raneem Zogby
Pitching: RHP Raneem Zogby
Batting: LHB Elroy Kwasnik 0-0: Called Strike
0-1: DOUBLE (Flyball, 89D)
Batting: RHB Hou Kong 0-0: Called Strike
0-1: Ball
1-1: Swinging Strike
1-2: Strikes out swinging
Batting: RHB Ramón Degollado 0-0: Swinging Strike
0-1: Ball
1-1: Foul Ball, location: 2F
1-2: Strikes out swinging
Batting: LHB Manuel Núñez 0-0: Called Strike
0-1: Swinging Strike
0-2: Ball
1-2: Ball
2-2: Foul Ball, location: 2F
2-2: Foul Ball, location: 2F
2-2: Strikes out swinging
Bottom of the 1st over - 0 runs, 1 hit, 0 errors, 1 left on base; Myrtle Beach 1 - Niagara Falls 0
TOP OF THE 2ND
Myrtle Beach Seahawks batting - Pitching for Niagara Falls Expos : RHP Justin Broadfoot
Batting: LHB Joo-young Yo 0-0: Foul Ball, location: 2F
0-1: Foul Ball, location: 2F
0-2: Foul Ball, location: 2F
0-2: Strikes out looking
Batting: RHB Juan Mata 0-0: Fly out, F7 (Flyball, 78S)
Batting: LHB Peter Ough 0-0: Ball
1-0: Ground out 4-3 (Groundball, 34)
Top of the 2nd over - 0 runs, 0 hits, 0 errors, 0 left on base; Myrtle Beach 1 - Niagara Falls 0
BOTTOM OF THE 2ND
Niagara Falls Expos batting - Pitching for Myrtle Beach Seahawks : RHP Raneem Zogby
Batting: RHB Bertrand Pick 0-0: Ball
1-0: SINGLE (Line Drive, 8RM)
Batting: RHB José Vázquez 0-0: Fielders Choice at 2nd, 5-4 (Groundball, 56)
Batting: RHB José Xirau 0-0: Swinging Strike
0-1: Swinging Strike
0-2: Foul Ball, location: 2F
0-2: Strikes out looking
Batting: RHB Bogumil Tiwontschik 0-0: Ball
1-0: Called Strike
1-1: Ball
2-1: Swinging Strike
2-2: Foul Ball, location: 2F
2-2: Strikes out looking
Bottom of the 2nd over - 0 runs, 1 hit, 0 errors, 1 left on base; Myrtle Beach 1 - Niagara Falls 0
TOP OF THE 3RD
Myrtle Beach Seahawks batting - Pitching for Niagara Falls Expos : RHP Justin Broadfoot
Batting: LHB Dallas Ihde 0-0: Ball
1-0: Ball
2-0: Called Strike
2-1: Ball
3-1: Foul Ball, location: 2F
3-2: Fly out, F8 (Line Drive, 78M)
Batting: LHB Ijsbrand Erkelens 0-0: Foul Ball, location: 2F
0-1: Ball
1-1: Ground out U3 (Groundball, 3)
Batting: LHB Danny Trautmann 0-0: Ground out 6-3 (Groundball, 6D)
Top of the 3rd over - 0 runs, 0 hits, 0 errors, 0 left on base; Myrtle Beach 1 - Niagara Falls 0
BOTTOM OF THE 3RD
Niagara Falls Expos batting - Pitching for Myrtle Beach Seahawks : RHP Raneem Zogby
Batting: RHB Francisco Valentín 0-0: Foul Ball, location: 2F
0-1: Called Strike
0-2: Foul Ball, location: 2F
0-2: Ball
1-2: Foul Ball, location: 2F
1-2: Ball
2-2: Ball
3-2: Foul Ball, location: 2F
3-2: Strikes out looking
Batting: LHB Elroy Kwasnik 0-0: Ball
1-0: Foul Ball, location: 2F
1-1: Called Strike
1-2: Fly out, F9 (Flyball, 9)
Batting: RHB Hou Kong 0-0: Ball
1-0: Ball
2-0: Swinging Strike
2-1: Foul Ball, location: 2F
2-2: Fly out, F9 (Flyball, 89D)
Bottom of the 3rd over - 0 runs, 0 hits, 0 errors, 0 left on base; Myrtle Beach 1 - Niagara Falls 0
TOP OF THE 4TH
Myrtle Beach Seahawks batting - Pitching for Niagara Falls Expos : RHP Justin Broadfoot
Batting: RHB Aquiles Morda 0-0: SINGLE (Groundball, 56D)
Batting: LHB Gabriel Amezquita 0-0: Ball
1-0: Ball
2-0: Ball
3-0: Base on Balls
Aquiles Morda to second
Batting: RHB Luke Thornton 0-0: Ball
1-0: Foul Ball, location: 2F
1-1: Fly out, F8 (Flyball, 8LM)
Batting: LHB Joo-young Yo 0-0: Called Strike
0-1: Foul Ball, location: 2F
0-2: SINGLE (Groundball, 4MD)
Aquiles Morda to third
Gabriel Amezquita to second
Batting: RHB Juan Mata 0-0: Foul Ball, location: 2F
0-1: Ball
1-1: Ground out 5-3 (Groundball, 56S)
Aquiles Morda scores
Gabriel Amezquita to third
Joo-young Yo to second
Batting: LHB Peter Ough 0-0: Ball
1-0: Ball
2-0: Ground out 3-1 (Groundball, 34)
Top of the 4th over - 1 run, 2 hits, 0 errors, 2 left on base; Myrtle Beach 2 - Niagara Falls 0
BOTTOM OF THE 4TH
Niagara Falls Expos batting - Pitching for Myrtle Beach Seahawks : RHP Raneem Zogby
Batting: RHB Ramón Degollado 0-0: Ball
1-0: Called Strike
1-1: Ball
2-1: Foul Ball, location: 2F
2-2: Ball
3-2: Strikes out swinging
Batting: LHB Manuel Núñez 0-0: Ball
1-0: SINGLE (Line Drive, 3D)
Batting: RHB Bertrand Pick 0-0: Called Strike
0-1: Foul Ball, location: 2F
0-2: Ball
1-2: Fly out, F7 (Flyball, 78S)
Batting: RHB José Vázquez 0-0: Called Strike
Manuel Núñez steals 2nd base
0-1: Foul Ball, location: 2F
0-2: Ball
1-2: Fly out, F7 (Flyball, 78D)
Bottom of the 4th over - 0 runs, 1 hit, 0 errors, 1 left on base; Myrtle Beach 2 - Niagara Falls 0
TOP OF THE 5TH
Myrtle Beach Seahawks batting - Pitching for Niagara Falls Expos : RHP Justin Broadfoot
Batting: LHB Dallas Ihde 0-0: Called Strike
0-1: Foul Ball, location: 2F
0-2: Ball
1-2: Ball
2-2: Strikes out looking
Batting: LHB Ijsbrand Erkelens 0-0: Ball
1-0: Ball
2-0: Ball
3-0: Base on Balls
Batting: LHB Danny Trautmann 0-0: Called Strike
0-1: Ball
1-1: Ball
2-1: Called Strike
2-2: Strikes out looking
Batting: RHB Aquiles Morda 0-0: Called Strike
0-1: Ball
1-1: Called Strike
1-2: Strikes out swinging
Top of the 5th over - 0 runs, 0 hits, 0 errors, 1 left on base; Myrtle Beach 2 - Niagara Falls 0
BOTTOM OF THE 5TH
Niagara Falls Expos batting - Pitching for Myrtle Beach Seahawks : RHP Raneem Zogby
Batting: RHB José Xirau 0-0: Fly out, F7 (Flyball, 7S)
Batting: RHB Bogumil Tiwontschik 0-0: Called Strike
0-1: Ball
1-1: Called Strike
1-2: Ball
2-2: Foul Ball, location: 2F
2-2: Fly out, F7 (Flyball, 7D)
Batting: RHB Francisco Valentín 0-0: Swinging Strike
0-1: Called Strike
0-2: Ground out 6-3 (Groundball, 6S)
Bottom of the 5th over - 0 runs, 0 hits, 0 errors, 0 left on base; Myrtle Beach 2 - Niagara Falls 0
TOP OF THE 6TH
Myrtle Beach Seahawks batting - Pitching for Niagara Falls Expos : RHP Justin Broadfoot
Batting: LHB Gabriel Amezquita 0-0: Ball
1-0: SINGLE (Groundball, 4MD)
Batting: RHB Luke Thornton 0-0: Swinging Strike
0-1: Ball
1-1: Ball
2-1: Reached on error, E1 (Groundball, 13)
Gabriel Amezquita to third
Batting: LHB Joo-young Yo 0-0: Called Strike
0-1: Foul Ball, location: 2F
0-2: Ball
1-2: Ball
2-2: SINGLE (Groundball, 4MD)
Gabriel Amezquita scores
Luke Thornton to third
Batting: RHB Juan Mata 0-0: Foul Ball, location: 2F
0-1: Fly out, F5 (Line Drive, 56)
Batting: LHB Peter Ough 0-0: Foul Ball, location: 2F
0-1: SINGLE (Groundball, 56D)
Luke Thornton scores
Joo-young Yo to second
Batting: LHB Dallas Ihde 0-0: Called Strike
0-1: SINGLE (Groundball, 6MD)
Joo-young Yo to third
Peter Ough to second
Runner from 3rd tries for Home, SAFE, no throw
Pitching: RHP Luis López
Batting: LHB Ijsbrand Erkelens 0-0: Foul Ball, location: 2F
0-1: Called Strike
0-2: Foul Ball, location: 2F
0-2: Foul Ball, location: 2F
0-2: Fielders Choice at 2nd, 1-6 (Groundball, 13S)
Peter Ough to third
Batting: LHB Danny Trautmann 0-0: Called Strike
0-1: Called Strike
0-2: DOUBLE (Line Drive, 9LM)
Peter Ough scores
Ijsbrand Erkelens to third
Runner from 3rd tries for Home, SAFE, no throw
Batting: RHB Aquiles Morda 0-0: Called Strike
0-1: Ball
1-1: Ball
2-1: Foul Ball, location: 2F
2-2: Strikes out swinging
Top of the 6th over - 5 runs, 5 hits, 1 error, 1 left on base; Myrtle Beach 7 - Niagara Falls 0
BOTTOM OF THE 6TH
Niagara Falls Expos batting - Pitching for Myrtle Beach Seahawks : RHP Raneem Zogby
Batting: LHB Elroy Kwasnik 0-0: Ball
1-0: Foul Ball, location: 2F
1-1: Swinging Strike
1-2: Foul Ball, location: 2F
1-2: Strikes out looking
Batting: RHB Hou Kong 0-0: Ground out 4-3 (Groundball, 4)
Batting: RHB Ramón Degollado 0-0: Fly out, F2 (Popup, 23F)
Bottom of the 6th over - 0 runs, 0 hits, 0 errors, 0 left on base; Myrtle Beach 7 - Niagara Falls 0
TOP OF THE 7TH
Myrtle Beach Seahawks batting - Pitching for Niagara Falls Expos : RHP Luis López
Batting: LHB Gabriel Amezquita 0-0: Ball
1-0: Foul Ball, location: 2F
1-1: Ball
2-1: Ground out U3 (Groundball, 3)
Batting: RHB Luke Thornton 0-0: Ground out 4-3 (Groundball, 4S)
Batting: LHB Joo-young Yo 0-0: Ground out 6-3 (Groundball, 6M)
Top of the 7th over - 0 runs, 0 hits, 0 errors, 0 left on base; Myrtle Beach 7 - Niagara Falls 0
BOTTOM OF THE 7TH
Niagara Falls Expos batting - Pitching for Myrtle Beach Seahawks : RHP Raneem Zogby
Batting: LHB Manuel Núñez 0-0: Ball
1-0: Foul Ball, location: 2F
1-1: SOLO HOME RUN (Flyball, 9LD), Distance : 351 ft
Batting: RHB Bertrand Pick 0-0: Called Strike
0-1: DOUBLE (Line Drive, 7LS)
Pitching: RHP Greyfriars Bobby
Batting: RHB José Vázquez 0-0: Ball
1-0: Called Strike
1-1: Ball
2-1: SINGLE (Groundball, 4MD)
Bertrand Pick to third
Runner from 3rd tries for Home, SAFE, throw made home
Batting: RHB José Xirau 0-0: Called Strike
0-1: Swinging Strike
0-2: Foul Ball, location: 2F
0-2: Fly out, F6 (Line Drive, 6)
Batting: RHB Bogumil Tiwontschik 0-0: Ground out 3-1 (Groundball, 34S)
José Vázquez to second
Batting: RHB Francisco Valentín 0-0: Called Strike
0-1: Called Strike
0-2: Ball
1-2: Strikes out swinging
Bottom of the 7th over - 2 runs, 3 hits, 0 errors, 1 left on base; Myrtle Beach 7 - Niagara Falls 2
TOP OF THE 8TH
Myrtle Beach Seahawks batting - Pitching for Niagara Falls Expos : RHP Luis López
Batting: RHB Juan Mata 0-0: Ball
1-0: Fly out, F7 (Flyball, 7S)
Batting: LHB Peter Ough 0-0: Called Strike
0-1: Ball
1-1: Ball
2-1: Ball
3-1: Foul Ball, location: 2F
3-2: Strikes out swinging
Batting: LHB Dallas Ihde 0-0: Ball
1-0: Swinging Strike
1-1: Ball
2-1: Called Strike
2-2: Strikes out swinging
Top of the 8th over - 0 runs, 0 hits, 0 errors, 0 left on base; Myrtle Beach 7 - Niagara Falls 2
BOTTOM OF THE 8TH
Niagara Falls Expos batting - Pitching for Myrtle Beach Seahawks : RHP Greyfriars Bobby
Batting: LHB Elroy Kwasnik 0-0: Ball
1-0: Fly out, F4 (Line Drive, 4)
Batting: RHB Hou Kong 0-0: Ball
1-0: Fly out, F1 (Line Drive, 13)
Batting: RHB Ramón Degollado 0-0: Ball
1-0: Ball
2-0: SINGLE (Line Drive, 8LS)
Batting: LHB Manuel Núñez 0-0: SINGLE (Line Drive, 3L)
Ramón Degollado to second
Runner from 2nd tries for 3rd, SAFE, throw made to third
Batting: RHB Bertrand Pick 0-0: Ball
1-0: Called Strike
1-1: Fly out, F6 (Line Drive, 6)
Bottom of the 8th over - 0 runs, 2 hits, 0 errors, 2 left on base; Myrtle Beach 7 - Niagara Falls 2
TOP OF THE 9TH
Myrtle Beach Seahawks batting - Pitching for Niagara Falls Expos : RHP Luis López
Batting: LHB Ijsbrand Erkelens 0-0: Foul Ball, location: 2F
0-1: Foul Ball, location: 2F
0-2: Ball
1-2: Ball
2-2: Fly out, F9 (Flyball, 9)
Batting: LHB Danny Trautmann 0-0: Ball
1-0: SINGLE (Flyball, 7S)
Batting: RHB Aquiles Morda 0-0: Ball
1-0: Called Strike
1-1: Ball
2-1: Ball
3-1: Foul Ball, location: 2F
3-2: Fielders Choice at 2nd, 6-4 (Groundball, 6)
Batting: LHB Gabriel Amezquita 0-0: Ball
1-0: Called Strike
1-1: Called Strike
1-2: Strikes out swinging
Top of the 9th over - 0 runs, 1 hit, 0 errors, 1 left on base; Myrtle Beach 7 - Niagara Falls 2
BOTTOM OF THE 9TH
Niagara Falls Expos batting - Pitching for Myrtle Beach Seahawks : RHP Greyfriars Bobby
Batting: RHB José Vázquez 0-0: Foul Ball, location: 2F
0-1: Foul Ball, location: 2F
0-2: DOUBLE (Line Drive, 89XD)
Batting: RHB José Xirau 0-0: Ground out 6-3 (Groundball, 6)
José Vázquez to third
Batting: RHB Bogumil Tiwontschik 0-0: Called Strike
0-1: Foul Ball, location: 2F
0-2: Fly out, F3 (Popup, 3F)
Batting: RHB Francisco Valentín 0-0: Foul Ball, location: 2F
0-1: Foul Ball, location: 2F
0-2: Strikes out looking
Bottom of the 9th over - 0 runs, 1 hit, 0 errors, 1 left on base; Myrtle Beach 7 - Niagara Falls 2
Tuesday, December 19th, 2017 - OOTP Baseball 18.8 Build 76